 Dungeon Crawl Stone Soup version 0.28.0-49-g6dfe1f597d (webtiles) character file.

Game seed: 14158151372192415036

77 nickcage the Cudgeller (level 4, -2/37 HPs)
             Began as a Minotaur Gladiator on May 17, 2022.
             Was a Believer of Wu Jian.
             Shot with an arrow by a centaur (8 damage)
             ... on level 5 of the Dungeon.
             The game lasted 00:03:44 (1664 turns).

nickcage the Cudgeller (Minotaur Gladiator)         Turns: 1664, Time: 00:03:44

Health: -2/37      AC:  9    Str: 21    XL:     4   Next: 14%
Magic:  0/3        EV: 11    Int:  5    God:    Wu Jian [**....]
Gold:   159        SH:  0    Dex: 11    Spells: 3/3 levels left

rFire   . . .      SeeInvis .   a - +0 flail
rCold   . . .      Faith    .   (no shield)
rNeg    . . .      Spirit   +   e - +0 ring mail
rPois   .          Reflect  .   c - +0 hat
rElec   .          Harm     .   (no cloak)
rCorr   .          Rampage  .   (no gloves)
Will    .....                   (no boots)
Stlth   +.........              f - amulet of guardian spirit
HPRegen 0.12/turn               k - +4 ring of protection
MPRegen 0.08/turn               (no ring)

@: no status effects
A: horns 2, retaliatory headbutt
a: Renounce Religion, Wall Jump


You were on level 5 of the Dungeon.
You worshipped Wu Jian.
Wu Jian was pleased with you.
You visited 1 branch of the dungeon, and saw 4 of its levels.

You collected 159 gold pieces.

Inventory:

Hand Weapons
 a - a +0 flail (weapon)
Missiles
 d - 3 throwing nets
 h - 4 poisoned darts (quivered)
Armour
 b - a +0 leather armour
 c - a +0 hat (worn)
 e - a +0 ring mail (worn)
Jewellery
 f - an amulet of guardian spirit (around neck)
 k - a +4 ring of protection (left hand)
Scrolls
 g - a scroll of magic mapping {unknown}
 i - 2 scrolls of fear {unknown}
 j - a scroll of blinking {unknown}
 l - a scroll of brand weapon {unknown}
 m - a scroll of vulnerability {unknown}
 n - a scroll of enchant weapon {unknown}
 o - 2 scrolls of identify {unknown}
 q - a scroll of teleportation {unknown}
Potions
 p - 2 potions of brilliance {unknown}


   Skills:
 - Level 2.4 Fighting
 + Level 6.1 Maces & Flails
 - Level 2.0 Throwing
 - Level 3.2 Dodging


You had 3 spell levels left.
You didn't know any spells.
Your spell library contained the following spells:

 Spells                   Type           Power      Damage    Failure   Level
 Gell's Gravitas          Tloc           0%         N/A       95%         3
 Teleport Other           Tloc           0%         N/A       95%         3
 Dispersal                Tloc           0%         N/A       100%        6


Dungeon Overview and Level Annotations

Branches:
Dungeon (3/15)

Altars:
Okawaru
Wu Jian


Innate Abilities, Weirdness & Mutations

You have a pair of horns on your head.
You reflexively headbutt those who attack you in melee.


Message History

Items here: )) ††.
A sourceless malevolence fills the Dungeon...
You fall into a shaft and drop 2 floors!
The shaft crumbles and collapses.
A two-headed ogre comes into view.
It is wielding two +0 giant spiked clubs.
Found 3 poisoned darts.
A necrophage and a centaur come into view.
The centaur wields a +0 shortbow.
The centaur shoots an arrow.
The arrow hits you!
An ice beast comes into view.
The centaur shoots an arrow.
The arrow hits you.
The centaur shoots an arrow.
The arrow hits you.
The centaur shoots an arrow.
The arrow hits you.
You spin and attack the necrophage.
You hit the necrophage. You headbutt the necrophage.
The necrophage is moderately damaged.
The centaur shoots an arrow.
The arrow hits you!
The centaur shoots an arrow.
The arrow hits you!
* * * LOW HITPOINT WARNING * * *
The necrophage barely misses you. You furiously retaliate!
You headbutt the necrophage.
Found 4 large rocks.
Found a stone staircase leading down.
The centaur shoots an arrow.
The arrow hits you but does no damage.
The centaur shoots an arrow.
The arrow hits you.
* * * LOW HITPOINT WARNING * * *
A howler monkey comes into view.
The howler monkey howls!
The howler monkey hoots and howls with incredible vigour!
Found a stone staircase leading up.
The howler monkey hits you but does no damage.
You spin and attack the howler monkey.
You hit the howler monkey. Your headbutt misses the howler monkey.
The howler monkey is lightly wounded.
The howler monkey hoots and howls with incredible vigour!
You hear an angry hiss.
You hear a chilling moan.
There is a stone staircase leading down here.
The centaur shoots an arrow.
The arrow barely misses you.
The centaur shoots an arrow.
The arrow hits you!
You die...

#.# #.................#
...###
##.O.............#
#.....##..###.........(#
#........#...O.#...#
###.......##..#.# #
#..(.n.c..###.#..#
#.#.Yh............. ..
#.......##.....#.# ..
#...@....#.....#...
#.................# #.#
#..##..........###.# ##
#. #....<.....# .
#..........#
#..........#
...........#
###........##


You could see a two-headed ogre, an ice beast, a necrophage, a centaur and a
howler monkey (catching breath).

Vanquished Creatures
  Robin (D:2)
  An adder (D:3)
  6 ball pythons
  4 bats
  3 endoplasms
  2 giant cockroaches
  14 goblins
  9 hobgoblins
  3 kobolds
  2 quokkas
  A frilled lizard (D:1)
  2 rats (D:1)
48 creatures vanquished.

Notes
Turn   | Place    | Note
-------+----------+-------------------------------------------
     0 | D:1      | nickcage the Minotaur Gladiator began the quest for the
                  | Orb.
     0 | D:1      | Reached XP level 1. HP: 18/18 MP: 0/0
    89 | D:1      | Reached skill level 4 in Maces & Flails
   159 | D:1      | Reached XP level 2. HP: 25/25 MP: 1/1
   494 | D:1      | Reached skill level 5 in Maces & Flails
   744 | D:2      | Found a faded altar of an unknown god.
   748 | D:2      | Reached XP level 3. HP: 30/30 MP: 2/2
   774 | D:2      | Prayed at the altar of an unknown god.
   774 | D:2      | Became a worshipper of the Wu Jian Council
   774 | D:2      | Reached * piety under Wu Jian
   809 | D:2      | Noticed Robin
   812 | D:2      | Killed Robin
  1616 | D:3      | Reached ** piety under Wu Jian
  1617 | D:3      | Reached skill level 6 in Maces & Flails
  1617 | D:3      | Reached XP level 4. HP: 37/37 MP: 3/3
  1628 | D:3      | Found an iron altar of Okawaru.
  1650 | D:3      | You fall into a shaft and drop 2 floors!
  1650 | D:5      | Entered Level 5 of the Dungeon
  1650 | D:5      | Noticed a two-headed ogre
  1651 | D:5      | Noticed a necrophage
  1651 | D:5      | Noticed a centaur
  1652 | D:5      | Noticed an ice beast
  1664 | D:5      | Shot with an arrow by a centaur

Illustrated notes

Levels and vault maps discovered:
D:1:      ncdulo_wetmaze, layout_rooms
D:2:      layout_loops_corners, ebering_ecumenical_altar_webs, uniq_robin
D:3:      layout_basic, grunt_temple_overflow_open, serial_shops,
          nicolae_lakefront_shop
D:5:      layout_rooms, gammafunk_ghost_stat_death

Skill      XL: |  1  2  3 |
---------------+----------+-----
Maces & Flails | 4 5 6 |  6.1
Fighting       | |  2.4
Throwing       | |  2.0
Dodging        | |  3.2

Action                   |  1- 3 |  4- 6 || total
-------------------------+-------+-------++-------
Melee: Flail             |    77 |     8 ||    85
       Headbutt          |    12 |     4 ||    16
Throw: Dart              |     1 |       ||     1
Invok: Lunge             |     6 |       ||     6
       Whirlwind         |       |     2 ||     2
Armor: Leather armour    |     7 |       ||     7
       Ring mail         |    17 |     3 ||    20
Dodge: Dodged            |    50 |     4 ||    54
